 Dungeon Crawl Stone Soup version 0.30-a0-986-g7f2e898f52 (webtiles) character file.

Game seed: 13508526314532126846

62 112233 the Firebug (level 3, -1/36 HPs)
             Began as a Demonspawn Fire Elementalist on Apr 2, 2023.
             Slain by a water moccasin (2 damage)
             ... on level 3 of the Dungeon.
             The game lasted 00:02:08 (3156 turns).

112233 the Firebug (Demonspawn Fire Elementalist)   Turns: 3156, Time: 00:02:09

Health: -1/36      AC:  4    Str:  7 (8)  XL:     3   Next: 85%
Magic:  0/7        EV: 12    Int: 23 (24) God:
Gold:   117        SH:  0    Dex: 10 (13) Spells: 4/7 levels left

rFire   . . .      SeeInvis .    r - +0 long sword
rCold   + . .      Faith    .    (no shield)
rNeg    . . .      Spirit   +    a - +0 robe
rPois   .          Reflect  .    (no helmet)
rElec   .          Rampage  .    (no cloak)
rCorr   .                        (no gloves)
Will    .....                    (no boots) Stlth
                                 j - amulet of guardian spirit
HPRegen 0.26/turn                g - ring of protection from cold
MPRegen 0.10/turn                m - +6 ring of intelligence

@: berserking, lethally poisoned (-1 -> -16), very quick
A: icy blue scales 1, demonic touch 1
a: no special abilities


You were on level 3 of the Dungeon.
You visited 1 branch of the dungeon, and saw 3 of its levels.

You collected 117 gold pieces.

Inventory:

Hand Weapons
 r - a +0 long sword (weapon)
Armour
 a - a +0 robe (worn)
Magical Staves
 k - a staff of cold
Jewellery
 g - a ring of protection from cold (left hand)
 j - an amulet of guardian spirit (around neck)
 m - a +6 ring of intelligence (right hand)
Wands
 s - a wand of paralysis (5)
Scrolls
 c - 3 scrolls of identify {unknown}
 d - a scroll of vulnerability {unknown}
 n - a scroll of enchant weapon {unknown}
 p - a scroll of fog {unknown}
 q - a scroll of poison {unknown}
Potions
 b - a potion of magic
 f - a potion of berserk rage
 h - 2 potions of ambrosia {unknown}
 i - 2 potions of degeneration
 l - 2 potions of lignification {unknown}
 o - 2 potions of flight {unknown}


   Skills:
 + Level 2.3 Dodging
 - Level 2.0 Stealth
 * Level 2.9 Spellcasting
 - Level 1.2 Conjurations
 + Level 3.2 Fire Magic


You had 4 spell levels left.
You knew the following spells:

 Your Spells              Type           Power      Damage    Failure   Level
a - Foxfire               Conj/Fire      52%        2x1d4     4%          1
b - Scorch                Fire           36%        2d7       4%          2

Your spell library contained the following spells:

 Spells                   Type           Power      Damage    Failure   Level
 Inner Flame              Hex/Fire       10%        N/A       19%         3
 Kindle Blastsparks       Fire/Tloc/Air  16%        2d11      22%         3
 Portal Projectile        Hex/Tloc       6%         N/A       34%         3
 Tukima's Dance           Hex            3%         N/A       34%         3
 Flame Wave               Conj/Fire      13%        2d6       43%         4
 Irradiate                Conj/Tmut      3%         3d12      94%         5
 Blade Hands              Tmut           1%         N/A       97%         5
 Dragon Form              Tmut           1%         N/A       100%        7


Dungeon Overview and Level Annotations

Branches:
Dungeon (3/15)

Altars:
Nemelex Xobeh

Shops:
D:3 (


Innate Abilities, Weirdness & Mutations

You are partially covered in icy blue scales. (AC +2)
Your touch may inflict minor irresistible damage on your foes.


Message History

The water moccasin's fire resistance burns away.
The foxfire hits the dart slug.
The dart slug is lightly wounded.
The dart slug launches a dart at you.
The slug dart hits you but does no damage.
Casting: Scorch (safe; 4% risk of failure)
Confirm with . or Enter, or press ? or * to list all spells.
Flames lash the water moccasin.
The water moccasin is burned terribly!
The water moccasin is almost dead.
The water moccasin closely misses you. The water moccasin bites you.
The water moccasin bites you!
You are lethally poisoned!
The water moccasin poisons you!
The dart slug briefly extends its eye-stalks.
The dart slug launches a dart at you. The slug dart hits you.
Unknown command.
It was a potion of heal wounds.
You feel much better.
You feel very sick. The water moccasin barely misses you.
The water moccasin bites you.
Unknown command.
You feel much better.
You feel very sick. The water moccasin bites you!
You are lethally poisoned!
The water moccasin poisons you!
Unknown command.
It was a potion of degeneration.
There was something very wrong with that liquid.
You feel weakened.
You feel dopey.
You feel clumsy.
You feel very sick. The water moccasin bites you.
* * * LOW HITPOINT WARNING * * *
Unknown command.
It was a potion of berserk rage.
A red film seems to cover your vision as you go berserk!
You feel yourself moving faster!
You feel mighty!
* * * LOW HITPOINT WARNING * * *
You feel very sick. The water moccasin barely misses you.
The water moccasin bites you.
You die...

.#..).!##
.......#
#....∩... #.
..... #. .†..
###.##w.
#......# ###
#..@##....
#...S.....# .##
#....#....#
...#####.##.#
...# .........#
.# ###
........## .$
.......†# ##.
........## .#
............###
#


You could see a water moccasin (combustible) and a dart slug.

Vanquished Creatures
  An adder (D:3)
  2 worms
  4 ball pythons
  A bat (D:2)
  6 endoplasms
  3 giant cockroaches
  A goblin (D:3)
  5 hobgoblins
  4 jackals
  3 kobolds
  3 quokkas
  4 frilled lizards
  6 rats
43 creatures vanquished.

Vanquished Creatures (others)
  161 foxfires
161 creatures vanquished.

Grand Total: 204 creatures vanquished

Notes
Turn   | Place    | Note
-------+----------+-------------------------------------------
     0 | D:1      | 112233 the Demonspawn Fire Elementalist began the quest for
                  | the Orb.
     0 | D:1      | Reached XP level 1. HP: 13/13 MP: 3/3
   436 | D:1      | Gained mutation: You are partially covered in icy blue
                  | scales. (AC +2) [demonic ancestry]
   436 | D:1      | Reached XP level 2. HP: 19/19 MP: 3/5
  1297 | D:2      | Reached skill level 3 in Fire Magic
  1368 | D:2      | Gained mutation: Your touch may inflict minor irresistible
                  | damage on your foes. [demonic ancestry]
  1368 | D:2      | Reached XP level 3. HP: 24/24 MP: 1/6
  1633 | D:2      | Learned a level 2 spell: Scorch
  2413 | D:3      | Found a sparkling altar of Nemelex Xobeh.
  3144 | D:3      | Found Don Figh's Weapon Shop.
  3146 | D:3      | Noticed a water moccasin
  3156 | D:3      | HP: 1/36 [poisoned by a water moccasin]
  3156 | D:3      | Slain by a water moccasin

Illustrated notes

Levels and vault maps discovered:
D:1:      scummos_arrival_forest, layout_basic
D:2:      layout_basic, minmay_heptomino_w4
D:3:      layout_rooms, mainiacjoe_overflow_boulevard, serial_shops,
          nicolae_shop_bloodbath_and_beyond, hellmonk_ecumenical_altar_blasted

Skill      XL: |  1  2 |
---------------+-------+-----
Stealth        | 2 |  2.0
Dodging        | 2 |  2.3
Fire Magic     | 3 |  3.2
Spellcasting   | |  2.9
Conjurations   | |  1.2

Action                     || total
---------------------------++-------
  Melee: Unarmed           ||     3
         Long sword        ||     4
         Touch             ||     1
   Cast: Foxfire           ||    91
         Scorch            ||     8
    Use: Potion            ||     4
 Armour: Robe              ||    18
  Dodge: Dodged            ||    34

Table legend: (Time is in decaauts)
 A = Elapsed time spent in this place.
 B = Non-inter-level travel time spent in this place.
 C = Inter-level travel time spent in this place.
 D = Time resting spent in this place.
 E = Time spent auto-exploring this place.
 F = Levels seen in this place.
 G = Mean time per level.
                   A        B        C        D        E       F      G
               +--------+--------+--------+--------+--------+-----+--------+
         Total |   3158 |   3019 |    139 |    541 |   2133 |   3 | 1052.7 |
       Dungeon |   3158 |   3019 |    139 |    541 |   2133 |   3 | 1052.7 |
               +--------+--------+--------+--------+--------+-----+--------+

Top non-repeatable levels by time:
     D:2: 1582 daAuts
     D:1: 1284 daAuts
     D:3: 291 daAuts
